| TOP OF THE 1ST |
|
El Paso Chihuahuas batting - Pitching for Reno Aces : LHP John Salzmann
|
|
Pitching: LHP John Salzmann
|
|
|
Batting: LHB Chris Moody
|
0-0: Ball 1-0: Ball 2-0: Ball 3-0: Called Strike 3-1: Ground out U3 (Groundball, 3, EV 107.5 MPH)
|
|
Batting: RHB Kiril Emeshin
|
0-0: Called Strike 0-1: Ball 1-1: Foul Ball, location: 2F 1-2: Ball 2-2: Ball 3-2: Base on Balls
|
|
Batting: RHB Juan Martinez
|
0-0: Called Strike 0-1: Ball 1-1: Ball 2-1: Ball 3-1: Base on Balls Kiril Emeshin to second
|
|
Batting: RHB Antonio Medina
|
0-0: Grounds into double play, 5-4-3 (Groundball, 56S, EV 86.2 MPH)
|
| Top of the 1st over - 0 runs, 0 hits, 0 errors, 1 left on base; El Paso 0 - Reno 0 |
| BOTTOM OF THE 1ST |
|
Reno Aces batting - Pitching for El Paso Chihuahuas : RHP Jorge Guerrero
|
|
Pitching: RHP Jorge Guerrero
|
|
|
Batting: RHB Ji-an Li
|
0-0: Called Strike 0-1: Ball 1-1: Foul Ball, location: 2F 1-2: Foul Ball, location: 2F 1-2: Ball 2-2: SINGLE (Line Drive, 8RS, EV 105.6 MPH)
|
|
Batting: RHB Ruben Garza
|
0-0: Ball Ji-an Li is caught stealing 2nd base 2-4 1-0: Called Strike 1-1: SINGLE (Groundball, 6D, EV 96.9 MPH)
|
|
Batting: RHB Jon Solano
|
0-0: Called Strike 0-1: Ball 1-1: Called Strike Ruben Garza steals 2nd base (no throw) 1-2: Ball 2-2: Ball 3-2: SINGLE (Groundball, 6MD, EV 102.5 MPH) (infield hit) Ruben Garza to third
|
|
Batting: LHB Ian Jarvis
|
0-0: Ball 1-0: Ball 2-0: SINGLE (Groundball, 34D, EV 93.8 MPH) Ruben Garza scores Jon Solano to second Runner from 2nd tries for 3rd, SAFE, throw by RF made to third
|
|
Batting: LHB Jeff Taylor
|
0-0: Called Strike 0-1: SINGLE (Flyball, 8LS, EV 93.1 MPH) Jon Solano scores Ian Jarvis to second Runner from 2nd tries for 3rd, SAFE, throw by CF made to third
|
|
Batting: SHB Gregg Whitecotton
|
0-0: Ball Jeff Taylor steals 2nd base (no throw) 1-0: Swinging Strike 1-1: Swinging Strike 1-2: Foul Ball, location: 2F 1-2: Strikes out swinging
|
|
Batting: LHB Steve Reinhart
|
0-0: Ball 1-0: Ground out 6-3 (Groundball, 6MS, EV 86.2 MPH)
|
| Bottom of the 1st over - 2 runs, 5 hits, 0 errors, 2 left on base; El Paso 0 - Reno 2 |
| TOP OF THE 2ND |
|
El Paso Chihuahuas batting - Pitching for Reno Aces : LHP John Salzmann
|
|
Batting: SHB Adam Martin
|
0-0: Ball 1-0: SINGLE (Flyball, 8LS, EV 98.8 MPH)
|
|
Batting: SHB Troy Maynard
|
0-0: Ball 1-0: Swinging Strike 1-1: Foul Ball, location: 2F 1-2: Ball 2-2: Strikes out looking
|
|
Batting: LHB Joseph Martin
|
0-0: Called Strike 0-1: Called Strike 0-2: Ball 1-2: Foul Ball, location: 2F 1-2: Fielders Choice at 2nd, 6-4 (Groundball, 6, EV 89.4 MPH)
|
|
Batting: SHB Jamie Roberts
|
0-0: Foul Ball, location: 2F 0-1: Ball 1-1: Ball 2-1: Called Strike 2-2: Foul Ball, location: 2F 2-2: Strikes out looking
|
| Top of the 2nd over - 0 runs, 1 hit, 0 errors, 1 left on base; El Paso 0 - Reno 2 |
| BOTTOM OF THE 2ND |
|
Reno Aces batting - Pitching for El Paso Chihuahuas : RHP Jorge Guerrero
|
|
Batting: LHB Sumiki Okuhara
|
0-0: Ball 1-0: Called Strike 1-1: Called Strike 1-2: Strikes out swinging
|
|
Batting: RHB Juan Espinoza
|
0-0: Ball 1-0: Ball 2-0: Called Strike 2-1: Called Strike 2-2: Foul Ball, location: 2F 2-2: Foul Ball, location: 2F 2-2: Fly out, F9 (Line Drive, 9, EV 86.9 MPH)
|
|
Batting: RHB Ji-an Li
|
0-0: Fly out, F9 (Line Drive, 9S, EV 101.2 MPH)
|
| Bottom of the 2nd over - 0 runs, 0 hits, 0 errors, 0 left on base; El Paso 0 - Reno 2 |
| TOP OF THE 3RD |
|
El Paso Chihuahuas batting - Pitching for Reno Aces : LHP John Salzmann
|
|
Batting: RHB Dan Grable
|
0-0: Foul Ball, location: 2F 0-1: Fly out, F7 (Flyball, 7LDF, EV 93.1 MPH)
|
|
Batting: LHB Chris Moody
|
0-0: Called Strike 0-1: Foul Ball, location: 2F 0-2: DOUBLE (Groundball, 3L, EV 104.4 MPH)
|
|
Batting: RHB Kiril Emeshin
|
0-0: Called Strike Chris Moody steals 3rd base 0-1: Ball 1-1: Foul Ball, location: 2F 1-2: Ball 2-2: Ball 3-2: Base on Balls
|
|
Batting: RHB Juan Martinez
|
0-0: Ball 1-0: Foul Ball, location: 2F 1-1: Fielders Choice at 2nd, 6-4 (Groundball, 6, EV 98.8 MPH) Chris Moody scores
|
|
Batting: RHB Antonio Medina
|
0-0: Ball 1-0: Swinging Strike 1-1: Ground out 4-3 (Groundball, 34, EV 86.9 MPH)
|
| Top of the 3rd over - 1 run, 1 hit, 0 errors, 1 left on base; El Paso 1 - Reno 2 |
| BOTTOM OF THE 3RD |
|
Reno Aces batting - Pitching for El Paso Chihuahuas : RHP Jorge Guerrero
|
|
Batting: RHB Ruben Garza
|
0-0: Called Strike 0-1: Swinging Strike 0-2: Strikes out swinging
|
|
Batting: RHB Jon Solano
|
0-0: Foul Ball, location: 2F 0-1: Ball 1-1: SOLO HOME RUN (Flyball, 78XD, EV 106.2 MPH), Distance : 411 ft
|
|
Batting: LHB Ian Jarvis
|
0-0: Called Strike 0-1: SINGLE (Line Drive, 8LS, EV 99.4 MPH)
|
|
Batting: LHB Jeff Taylor
|
0-0: Ball 1-0: Foul Ball, location: 2F 1-1: 2-RUN HOME RUN (Flyball, 7LD, EV 98.1 MPH), Distance : 375 ft
|
|
Batting: SHB Gregg Whitecotton
|
0-0: Ball 1-0: Called Strike 1-1: Foul Ball, location: 2F 1-2: Strikes out swinging
|
|
Batting: LHB Steve Reinhart
|
0-0: SINGLE (Groundball, 6M, EV 85.0 MPH) (infield hit)
|
|
Batting: LHB Sumiki Okuhara
|
0-0: Ball 1-0: Ball 2-0: Foul Ball, location: 2F 2-1: Called Strike 2-2: Strikes out looking
|
| Bottom of the 3rd over - 3 runs, 4 hits, 0 errors, 1 left on base; El Paso 1 - Reno 5 |
| TOP OF THE 4TH |
|
El Paso Chihuahuas batting - Pitching for Reno Aces : LHP John Salzmann
|
|
Batting: SHB Adam Martin
|
0-0: Ball 1-0: Called Strike 1-1: Ball 2-1: Foul Ball, location: 2F 2-2: Foul Ball, location: 2F 2-2: Ball 3-2: Foul Ball, location: 2F 3-2: DOUBLE (Groundball, 5L, EV 103.8 MPH)
|
|
Batting: SHB Troy Maynard
|
0-0: Foul Ball, location: 2F 0-1: Ball 1-1: Ball 2-1: Ball 3-1: Foul Ball, location: 2F 3-2: Foul Ball, location: 2F 3-2: Strikes out swinging
|
|
Batting: LHB Joseph Martin
|
0-0: Foul Ball, location: 2F 0-1: Called Strike 0-2: Reached on error, E4 (Groundball, 4, EV 79.4 MPH) Adam Martin scores
|
|
Batting: SHB Jamie Roberts
|
0-0: Ball 1-0: Foul Ball, location: 2F 1-1: Ball 2-1: Ball 3-1: Swinging Strike 3-2: Base on Balls
|
|
Batting: RHB Dan Grable
|
0-0: Grounds into double play, 4-6-3 (Groundball, 4, EV 85.6 MPH)
|
| Top of the 4th over - 1 run, 1 hit, 1 error, 1 left on base; El Paso 2 - Reno 5 |
| BOTTOM OF THE 4TH |
|
Reno Aces batting - Pitching for El Paso Chihuahuas : RHP Jorge Guerrero
|
|
Batting: RHB Juan Espinoza
|
0-0: Ground out 6-3 (Groundball, 6MS, EV 90.6 MPH)
|
|
Batting: RHB Ji-an Li
|
0-0: Ball 1-0: Called Strike 1-1: Ball 2-1: Ball 3-1: Base on Balls
|
|
Batting: RHB Ruben Garza
|
0-0: Called Strike 0-1: Ball 1-1: Fly out, F7 (Flyball, 7, EV 91.9 MPH)
|
|
Batting: RHB Jon Solano
|
0-0: Ball 1-0: Ball Ji-an Li steals 2nd base 2-0: Ball 3-0: Called Strike 3-1: Base on Balls
|
|
Batting: LHB Ian Jarvis
|
0-0: Foul Ball, location: 2F 0-1: Foul Ball, location: 2F 0-2: Ball 1-2: Foul Ball, location: 2F 1-2: Strikes out swinging
|
| Bottom of the 4th over - 0 runs, 0 hits, 0 errors, 2 left on base; El Paso 2 - Reno 5 |
| TOP OF THE 5TH |
|
El Paso Chihuahuas batting - Pitching for Reno Aces : LHP John Salzmann
|
|
Batting: LHB Chris Moody
|
0-0: Called Strike 0-1: Ball 1-1: Foul Ball, location: 2F 1-2: Ball 2-2: Foul Ball, location: 2F 2-2: DOUBLE (Groundball, 5L, EV 102.5 MPH)
|
|
Batting: RHB Kiril Emeshin
|
0-0: Ball 1-0: Ball 2-0: Foul Ball, location: 2F 2-1: Called Strike 2-2: Strikes out swinging
|
|
Batting: RHB Juan Martinez
|
0-0: Swinging Strike 0-1: Foul Ball, location: 2F 0-2: Strikes out looking
|
|
Batting: RHB Antonio Medina
|
0-0: Ball 1-0: Ball 2-0: Fly out, F9 (Flyball, 9S, EV 92.5 MPH)
|
| Top of the 5th over - 0 runs, 1 hit, 0 errors, 1 left on base; El Paso 2 - Reno 5 |
| BOTTOM OF THE 5TH |
|
Reno Aces batting - Pitching for El Paso Chihuahuas : RHP Jorge Guerrero
|
|
Batting: LHB Jeff Taylor
|
0-0: Ball 1-0: Ball 2-0: Ball 3-0: Base on Balls
|
|
Pitching: RHP Jim Canady
|
|
|
Batting: SHB Gregg Whitecotton
|
0-0: Ball 1-0: Ball 2-0: Foul Ball, location: 2F 2-1: Ball 3-1: Base on Balls Jeff Taylor to second
|
|
Batting: LHB Steve Reinhart
|
0-0: Ball 1-0: Swinging Strike 1-1: Ball 2-1: Swinging Strike 2-2: Strikes out swinging
|
|
Batting: LHB Sumiki Okuhara
|
0-0: Ball 1-0: Ball 2-0: Foul Ball, location: 2F 2-1: Foul Ball, location: 2F 2-2: SINGLE (Line Drive, 34D, EV 97.5 MPH) Jeff Taylor to third Gregg Whitecotton to second
|
|
Batting: RHB Juan Espinoza
|
0-0: Called Strike 0-1: Swinging Strike 0-2: Ball 1-2: Strikes out swinging
|
|
Batting: RHB Ji-an Li
|
0-0: Ball 1-0: Foul Ball, location: 2F 1-1: Ball 2-1: Called Strike 2-2: Ball 3-2: Strikes out looking
|
| Bottom of the 5th over - 0 runs, 1 hit, 0 errors, 3 left on base; El Paso 2 - Reno 5 |
| TOP OF THE 6TH |
|
El Paso Chihuahuas batting - Pitching for Reno Aces : LHP John Salzmann
|
|
Batting: SHB Adam Martin
|
0-0: Ground out 4-3 (Groundball, 4S, EV 86.2 MPH)
|
|
Batting: SHB Troy Maynard
|
0-0: Called Strike 0-1: Swinging Strike 0-2: Foul Ball, location: 2F 0-2: Strikes out swinging
|
|
Batting: LHB Joseph Martin
|
0-0: Foul Ball, location: 2F 0-1: Ball 1-1: Called Strike 1-2: SOLO HOME RUN (Flyball, 9D, EV 103.1 MPH), Distance : 395 ft
|
|
Batting: SHB Jamie Roberts
|
0-0: Ball 1-0: Ball 2-0: Swinging Strike 2-1: Swinging Strike 2-2: Ball 3-2: Strikes out swinging
|
| Top of the 6th over - 1 run, 1 hit, 0 errors, 0 left on base; El Paso 3 - Reno 5 |
| BOTTOM OF THE 6TH |
|
Reno Aces batting - Pitching for El Paso Chihuahuas : RHP Jim Canady
|
|
Batting: RHB Ruben Garza
|
0-0: Ball 1-0: Swinging Strike 1-1: SINGLE (Flyball, 3D, EV 101.2 MPH)
|
|
Batting: RHB Jon Solano
|
0-0: Called Strike 0-1: Called Strike Ruben Garza steals 2nd base 0-2: Strikes out swinging
|
|
Batting: LHB Ian Jarvis
|
0-0: Called Strike 0-1: Fly out, F8 (Flyball, 8LM, EV 93.1 MPH)
|
|
Batting: LHB Jeff Taylor
|
0-0: Ball 1-0: Foul Ball, location: 2F 1-1: Ball 2-1: Called Strike 2-2: Foul Ball, location: 2F 2-2: Foul Ball, location: 2F 2-2: SINGLE (Flyball, 9LS, EV 91.9 MPH) Ruben Garza to third Runner from 3rd tries for Home, SAFE, throw by RF to home
|
|
Batting: SHB Gregg Whitecotton
|
0-0: Ball 1-0: Ball 2-0: Ball Jeff Taylor steals 2nd base 3-0: Base on Balls
|
|
Batting: LHB Steve Reinhart
|
0-0: Swinging Strike 0-1: Ball 1-1: Called Strike 1-2: Fly out, F6 (Flyball, 56D, EV 83.8 MPH)
|
| Bottom of the 6th over - 1 run, 2 hits, 0 errors, 2 left on base; El Paso 3 - Reno 6 |
| TOP OF THE 7TH |
|
El Paso Chihuahuas batting - Pitching for Reno Aces : LHP John Salzmann
|
|
Pitching: RHP Manny Ferrer
|
|
|
Batting: RHB Dan Grable
|
0-0: Called Strike 0-1: Swinging Strike 0-2: Foul Ball, location: 2F 0-2: Ball 1-2: Foul Ball, location: 2F 1-2: Ground out 4-3 (Groundball, 4, EV 80.6 MPH)
|
|
Batting: LHB Chris Moody
|
0-0: Foul Ball, location: 2F 0-1: Ground out U3 (Groundball, 3L, EV 104.4 MPH)
|
|
Batting: RHB Kiril Emeshin
|
0-0: Ball 1-0: Ball 2-0: Ball 3-0: Fly out, F9 (Flyball, 89S, EV 85.6 MPH)
|
| Top of the 7th over - 0 runs, 0 hits, 0 errors, 0 left on base; El Paso 3 - Reno 6 |
| BOTTOM OF THE 7TH |
|
Reno Aces batting - Pitching for El Paso Chihuahuas : RHP Jim Canady
|
|
Pitching: RHP Brandon Hendrix
|
|
|
Batting: LHB Sumiki Okuhara
|
0-0: Called Strike 0-1: Swinging Strike 0-2: Ball 1-2: Strikes out swinging
|
|
Batting: RHB Juan Espinoza
|
0-0: Fly out, F9 (Flyball, 89M, EV 81.2 MPH)
|
|
Batting: RHB Ji-an Li
|
0-0: Ball 1-0: Called Strike 1-1: Ball 2-1: Swinging Strike 2-2: Strikes out swinging
|
| Bottom of the 7th over - 0 runs, 0 hits, 0 errors, 0 left on base; El Paso 3 - Reno 6 |
| TOP OF THE 8TH |
|
El Paso Chihuahuas batting - Pitching for Reno Aces : RHP Manny Ferrer
|
|
Pitching: RHP Jarrod Kenny
|
|
|
Batting: RHB Juan Martinez
|
0-0: Ground out 6-3 (Groundball, 6, EV 88.1 MPH)
|
|
Batting: RHB Antonio Medina
|
0-0: Called Strike 0-1: Ball 1-1: Ball 2-1: Reached on error, E6 (Groundball, 56D, EV 85.6 MPH)
|
|
Batting: SHB Adam Martin
|
0-0: Called Strike 0-1: Ball 1-1: Foul Ball, location: 2F 1-2: Strikes out looking
|
|
Batting: SHB Troy Maynard
|
0-0: Fly out, F7 (Flyball, 78S, EV 80.6 MPH)
|
| Top of the 8th over - 0 runs, 0 hits, 1 error, 1 left on base; El Paso 3 - Reno 6 |
| BOTTOM OF THE 8TH |
|
Reno Aces batting - Pitching for El Paso Chihuahuas : RHP Brandon Hendrix
|
|
Batting: RHB Ruben Garza
|
0-0: Fly out, F7 (Flyball, 78M, EV 75.6 MPH)
|
|
Batting: RHB Jon Solano
|
0-0: Ball 1-0: Ground out 5-3 (Groundball, 5, EV 81.2 MPH)
|
|
Batting: LHB Ian Jarvis
|
0-0: Swinging Strike 0-1: Swinging Strike 0-2: Strikes out swinging
|
| Bottom of the 8th over - 0 runs, 0 hits, 0 errors, 0 left on base; El Paso 3 - Reno 6 |
| TOP OF THE 9TH |
|
El Paso Chihuahuas batting - Pitching for Reno Aces : RHP Jarrod Kenny
|
|
Pitching: LHP Chris Baran
|
|
|
Batting: LHB Joseph Martin
|
0-0: Called Strike 0-1: Ball 1-1: Called Strike 1-2: Ball 2-2: Foul Ball, location: 2F 2-2: Ball 3-2: Strikes out swinging
|
|
Batting: SHB Jamie Roberts
|
0-0: Swinging Strike 0-1: Swinging Strike 0-2: Fly out, F9 (Flyball, 89S, EV 86.2 MPH)
|
|
Batting: RHB Dan Grable
|
0-0: Ball 1-0: Foul Ball, location: 2F 1-1: Fly out, F8 (Flyball, 8RM, EV 77.5 MPH)
|
| Top of the 9th over - 0 runs, 0 hits, 0 errors, 0 left on base; El Paso 3 - Reno 6 |
|